 Dungeon Crawl Stone Soup version 0.21.0-3-g78d12a8 (webtiles) character file.

5587 Gerad the Magician (level 10, -1/74 HPs)
             Began as a Gnoll Air Elementalist on Jan 11, 2018.
             Was a Believer of Kikubaaqudgha.
             Slain by a two-headed ogre
             ... wielding a +0 giant club
              (14 damage)
             ... on level 8 of the Dungeon.
             The game lasted 00:17:16 (8107 turns).

Gerad the Magician (Gnoll Air Elementalist)         Turns: 8107, Time: 00:17:16

Health: -1/74      AC: 10    Str: 15    XL:     10   Next: 72%
Magic:  6/21       EV: 17    Int: 17    God:    Kikubaaqudgha [**....]
Gold:   393        SH:  5    Dex: 15    Spells: 11/24 levels left

rFire    . . .     SeeInvis .   a - +0 trident (flame)
rCold    + . .     Gourm    .   D - +0 buckler
rNeg     . . .     Faith    .   o - +2 robe {rC+}
rPois    .         Spirit   .   F - +0 helmet
rElec    .         Reflect  .   (no cloak)
rCorr    .         Harm     .   H - +2 pair of gloves
MR       +....                  M - +0 pair of boots
Stlth    +++.......             (no amulet)
HPRegen  0.22/turn              I - ring of protection from magic
MPRegen  0.17/turn              C - +3 ring of slaying

@: no status effects
A: distributed training, fangs 1, strong nose
a: Receive Corpses, Renounce Religion


You were on level 8 of the Dungeon.
You worshipped Kikubaaqudgha.
Kikubaaqudgha was pleased with you.
You were not hungry.

You visited 1 branch of the dungeon, and saw 8 of its levels.

You collected 393 gold pieces.

Inventory:

Hand Weapons
 a - a +0 trident of flaming (weapon)
 h - a +0 battleaxe
Missiles
 y - 3 javelins of returning (quivered)
 G - a throwing net
Armour
 g - a +0 ring mail
 o - a +2 robe of cold resistance (worn)
 A - a +0 scale mail
 D - a +0 buckler (worn)
 F - a +0 helmet (worn)
 H - a +2 pair of gloves (worn)
 M - a +0 pair of boots (worn)
 O - the +6 plate armour "Qeud" {-Tele *Slow MR+++ Slay+3, unknown}
   (You found it on level 7 of the Dungeon)

   It affects your accuracy and damage with ranged weapons and melee attacks
   (+3).
   It affects your resistance to hostile enchantments.
   It prevents most forms of teleportation.
   It may slow you when you take damage.
 Q - the +1 robe "Epimifem" {rPois rN+, unknown}
   (You found it on level 8 of the Dungeon)

   It protects you from poison.
   It protects you from negative energy.
Jewellery
 B - an uncursed ring of protection from magic
 C - a +3 ring of slaying (right hand)
 I - a ring of protection from magic (left hand)
 L - an uncursed ring of resist corrosion
Wands
 i - a wand of clouds (5)
 v - a wand of polymorph (30)
Scrolls
 e - 2 scrolls of enchant armour
 f - 3 scrolls of teleportation
 n - 2 scrolls of amnesia
 t - 2 scrolls of remove curse
 E - a scroll of summoning {unknown}
 K - a scroll of brand weapon {unknown}
 N - 2 scrolls of enchant weapon {unknown}
Potions
 d - 2 potions of agility
 j - a potion of invisibility
 l - a potion of flight
 m - 2 potions of mutation
 p - a potion of lignification {unknown}
 q - 2 potions of resistance {unknown}
 r - 3 potions of haste {unknown}
 s - a potion of might {unknown}
 u - 2 potions of ambrosia {unknown}
 w - a potion of heal wounds
 x - 2 potions of curing {unknown}
 z - a potion of cancellation
 J - 2 potions of brilliance {unknown}
Books
 b - a book of Air

   Spells                             Type                      Level
   a - Shock                          Conjuration/Air              1
   b - Swiftness                      Charms/Air                   2
   c - Static Discharge               Conjuration/Air              3
   d - Airstrike                      Air                          4
   e - Lightning Bolt                 Conjuration/Air              5
 k - Kikubaaqudgha's Reference Book on Unholy Rituals
   (Kikubaaqudgha gifted it to you on level 6 of the Dungeon)

   Spells                             Type                      Level
   a - Animate Skeleton               Necromancy                   1
   b - Pain                           Necromancy                   1
   c - Sublimation of Blood           Necromancy                   2
   d - Regeneration                   Charms/Necromancy            3
Comestibles
 c - 21 rations
 P - 2 chunks of flesh


   Skills:
 + Level 5.4 Fighting
 + Level 5.4 Short Blades
 + Level 5.4 Long Blades
 + Level 5.4 Axes
 + Level 5.4 Maces & Flails
 + Level 5.4 Polearms
 + Level 5.4 Staves
 + Level 5.4 Slings
 + Level 5.4 Bows
 + Level 5.4 Crossbows
 + Level 5.4 Throwing
 + Level 5.4 Armour
 + Level 7.2 Dodging
 + Level 6.9 Stealth
 + Level 5.4 Shields
 + Level 5.4 Unarmed Combat
 + Level 7.5 Spellcasting
 + Level 5.0 Conjurations
 + Level 4.5 Hexes
 + Level 4.5 Charms
 + Level 4.5 Summonings
 + Level 4.5 Necromancy
 + Level 4.5 Translocations
 + Level 4.5 Transmutations
 + Level 4.5 Fire Magic
 + Level 4.5 Ice Magic
 + Level 7.2 Air Magic
 + Level 4.5 Earth Magic
 + Level 4.5 Poison Magic
 + Level 6.0 Invocations
 + Level 5.4 Evocations


You had 11 spell levels left.
You knew the following spells:

 Your Spells              Type           Power        Failure   Level  Hunger
a - Shock                 Conj/Air       ####         1%          1    None
b - Swiftness             Chrm/Air       ####....     1%          2    None
c - Static Discharge      Conj/Air       ####....     2%          3    ##.....
d - Airstrike             Air            ####......   5%          4    ####...
e - Regeneration          Chrm/Necr      ###.......   5%          3    ##.....


Dungeon Overview and Level Annotations

Branches:
Dungeon (8/15)             Temple (0/1) D:7
   Lair: D:8-11

Altars:
Ashenzari
Elyvilon
Kikubaaqudgha
Nemelex Xobeh
Qazlal
Trog


Innate Abilities, Weirdness & Mutations

Your experience applies equally to all skills.
You have very sharp teeth.
Your uncanny sense of smell can sniff out nearby items.


Message History

You kill the orc priest!
Kikubaaqudgha accepts your kill.
The lightning arcs!
The two-headed ogre is struck by lightning.
The two-headed ogre is severely wounded.
The lightning grounds out.
The two-headed ogre is struck by lightning.
The two-headed ogre is severely wounded.
The lightning arcs!
You are struck by lightning.
The lightning grounds out.
You block the two-headed ogre's attack. The two-headed ogre barely misses you.
Casting: Static Discharge
Confirm with . or Enter, or press ? or * to list all spells.
The two-headed ogre is struck by lightning.
The two-headed ogre is severely wounded.
The lightning arcs!
You are struck by lightning.
The lightning grounds out.
The two-headed ogre hits you with a giant club!!
* * * LOW HITPOINT WARNING * * *
The two-headed ogre hits you with a giant club!
You die...
Kikubaaqudgha rasps: "You have failed me!
Welcome... death!"

.. #. #. #. #
###.##.# ....#.#
#)O).#
####@#######
#....)...... #
#.##.#######
#.##.##.#
#.......#
#.#########.####
#......))...#
##########..#
........# ∆


You could see a two-headed ogre.

Vanquished Creatures
  A two-headed ogre (D:8)
  The ghost of ck1fx the Blocker, a novice DrMo of Yredelemnul (D:6)
  A hippogriff (D:7)
  2 hogs (D:7)
  2 yaks (D:7)
  A human (D:7)
  A hungry ghost (D:7)
  Menkaure (D:4)
  A water moccasin (D:7)
  2 orc warriors (D:6)
  3 black bears (D:7)
  An ice beast (D:7)
  A phantom (D:6)
  3 ogres
  2 centaurs (D:5)
  2 big kobolds (D:5)
  4 bullfrogs
  3 scorpions
  5 killer bees (D:8)
  4 wights (D:7)
  4 howler monkeys
  2 crimson imps
  A quasit (D:6)
  A bullfrog zombie (D:7)
  2 hounds
  A jelly (D:7)
  4 orc priests
  4 iguanas
  8 orc wizards
  6 worker ants
  2 hound zombies
  7 gnolls
  A worker ant zombie (D:5)
  8 adders
  A shadow imp (D:6)
  2 worms
  5 dart slugs
  5 leopard geckos
  31 orcs
  6 bats
  5 giant cockroaches
  9 hobgoblins
  8 jackals
  2 quokkas
  A ball python (D:5)
  6 frilled lizards
  10 goblins
  A jackal skeleton (D:6)
  16 kobolds
  14 rats
214 creatures vanquished.

Vanquished Creatures (others)
  A human (D:8)
1 creature vanquished.

Grand Total: 215 creatures vanquished

Notes
Turn   | Place    | Note
-------+----------+-------------------------------------------
     0 | D:1      | Gerad the Gnoll Air Elementalist began the quest for the Orb.
     0 | D:1      | Reached XP level 1. HP: 13/13 MP: 6/6
    67 | D:1      | Reached XP level 2. HP: 19/19 MP: 1/7
   287 | D:1      | Learned a level 2 spell: Swiftness
   485 | D:1      | Reached XP level 3. HP: 24/25 MP: 5/9
   504 | D:1      | Learned a level 3 spell: Static Discharge
   514 | D:1      | Reached skill level 5 in Spellcasting
   824 | D:1      | Reached skill level 1 in Invocations
  1299 | D:2      | Reached skill level 1 in Fighting
  1299 | D:2      | Reached skill level 1 in Short Blades
  1299 | D:2      | Reached skill level 1 in Long Blades
  1299 | D:2      | Reached skill level 1 in Axes
  1299 | D:2      | Reached skill level 1 in Maces & Flails
  1299 | D:2      | Reached skill level 1 in Polearms
  1299 | D:2      | Reached skill level 1 in Staves
  1299 | D:2      | Reached skill level 1 in Slings
  1299 | D:2      | Reached skill level 1 in Bows
  1299 | D:2      | Reached skill level 1 in Crossbows
  1299 | D:2      | Reached skill level 1 in Throwing
  1299 | D:2      | Reached skill level 1 in Armour
  1299 | D:2      | Reached skill level 1 in Shields
  1299 | D:2      | Reached skill level 1 in Unarmed Combat
  1299 | D:2      | Reached skill level 1 in Evocations
  1324 | D:2      | Reached XP level 4. HP: 30/32 MP: 8/11
  1340 | D:2      | Learned a level 4 spell: Airstrike
  1973 | D:3      | Reached skill level 1 in Hexes
  1973 | D:3      | Reached skill level 1 in Charms
  1973 | D:3      | Reached skill level 1 in Summonings
  1973 | D:3      | Reached skill level 1 in Necromancy
  1973 | D:3      | Reached skill level 1 in Translocations
  1973 | D:3      | Reached skill level 1 in Transmutations
  1973 | D:3      | Reached skill level 1 in Fire Magic
  1973 | D:3      | Reached skill level 1 in Ice Magic
  1973 | D:3      | Reached skill level 1 in Earth Magic
  1973 | D:3      | Reached skill level 1 in Poison Magic
  2079 | D:3      | Reached XP level 5. HP: 37/37 MP: 6/12
  2421 | D:4      | Noticed an ogre
  2468 | D:4      | Found a white marble altar of Elyvilon.
  2565 | D:4      | Reached XP level 6. HP: 36/44 MP: 3/13
  2703 | D:4      | Reached skill level 5 in Dodging
  2921 | D:4      | Reached XP level 7. HP: 31/50 MP: 15/15
  3200 | D:5      | Entered Level 5 of the Dungeon
  3202 | D:5      | Noticed Menkaure
  3219 | D:4      | Killed Menkaure
  3484 | D:5      | Reached skill level 5 in Stealth
  3628 | D:5      | Reached XP level 8. HP: 31/57 MP: 12/16
  4184 | D:5      | Found an ancient bone altar of Kikubaaqudgha.
  4189 | D:5      | Became a worshipper of Kikubaaqudgha
  4348 | D:5      | Found a sparkling altar of Nemelex Xobeh.
  4907 | D:6      | Noticed ck1fx's ghost (novice DrMo)
  4994 | D:6      | Killed ck1fx's ghost
  4994 | D:6      | Reached XP level 9. HP: 15/65 MP: 0/18
  5658 | D:6      | Found a bloodstained altar of Trog.
  5819 | D:6      | Found a stormy altar of Qazlal.
  5822 | D:6      | Found a shattered altar of Ashenzari.
  5823 | D:6      | Found a white marble altar of Elyvilon.
  5876 | D:6      | Reached * piety under Kikubaaqudgha
  5876 | D:6      | Identified Kikubaaqudgha's Reference Book on Unholy Rituals (Kikubaaqudgha gifted it to you on level 6 of the Dungeon)
  5876 | D:6      | Received a gift from Kikubaaqudgha
  5890 | D:6      | Learned a level 3 spell: Regeneration
  6242 | D:7      | Found a bloodstained altar of Trog.
  6279 | D:7      | Reached skill level 5 in Invocations
  6888 | D:7      | Reached XP level 10. HP: 68/73 MP: 10/20
  6920 | D:7      | Found a staircase to the Ecumenical Temple.
  6943 | D:7      | Got a jewelled plate armour
  6987 | D:7      | Reached ** piety under Kikubaaqudgha
  7223 | D:7      | Reached skill level 5 in Fighting
  7223 | D:7      | Reached skill level 5 in Short Blades
  7223 | D:7      | Reached skill level 5 in Long Blades
  7223 | D:7      | Reached skill level 5 in Axes
  7223 | D:7      | Reached skill level 5 in Maces & Flails
  7223 | D:7      | Reached skill level 5 in Polearms
  7223 | D:7      | Reached skill level 5 in Staves
  7223 | D:7      | Reached skill level 5 in Slings
  7223 | D:7      | Reached skill level 5 in Bows
  7223 | D:7      | Reached skill level 5 in Crossbows
  7223 | D:7      | Reached skill level 5 in Throwing
  7223 | D:7      | Reached skill level 5 in Armour
  7223 | D:7      | Reached skill level 5 in Shields
  7223 | D:7      | Reached skill level 5 in Unarmed Combat
  7223 | D:7      | Reached skill level 5 in Evocations
  7640 | D:8      | Noticed a two-headed ogre
  7651 | D:8      | Killed a two-headed ogre
  7651 | D:8      | Reached skill level 5 in Conjurations
  8051 | D:8      | Found an ancient bone altar of Kikubaaqudgha.
  8090 | D:8      | Got a shadowed robe
  8098 | D:8      | Noticed a two-headed ogre
  8107 | D:8      | Slain by a two-headed ogre

Skill      XL: |  1  2  3  4  5  6  7  8  9 10 |
---------------+-------------------------------+-----
Conjurations   | 2 3 4 5 |  5.0
Spellcasting   | 5 6 7 |  7.5
Invocations    | 1 2 3 4 5 6 |  6.0
Fighting       | 1 2 3 4 5 |  5.4
Short Blades   | 1 2 3 4 5 |  5.4
Long Blades    | 1 2 3 4 5 |  5.4
Axes           | 1 2 3 4 5 |  5.4
Maces & Flails | 1 2 3 4 5 |  5.4
Polearms       | 1 2 3 4 5 |  5.4
Staves         | 1 2 3 4 5 |  5.4
Slings         | 1 2 3 4 5 |  5.4
Bows           | 1 2 3 4 5 |  5.4
Crossbows      | 1 2 3 4 5 |  5.4
Throwing       | 1 2 3 4 5 |  5.4
Armour         | 1 2 3 4 5 |  5.4
Shields        | 1 2 3 4 5 |  5.4
Unarmed Combat | 1 2 3 4 5 |  5.4
Evocations     | 1 2 3 4 5 |  5.4
Hexes          | 1 2 3 4 |  4.5
Charms         | 1 2 3 4 |  4.5
Summonings     | 1 2 3 4 |  4.5
Necromancy     | 1 2 3 4 |  4.5
Translocations | 1 2 3 4 |  4.5
Transmutations | 1 2 3 4 |  4.5
Fire Magic     | 1 2 3 4 |  4.5
Ice Magic      | 1 2 3 4 |  4.5
Earth Magic    | 1 2 3 4 |  4.5
Poison Magic   | 1 2 3 4 |  4.5
Dodging        | 5 6 7 |  7.2
Stealth        | 5 6 |  6.9
Air Magic      | 6 7 |  7.2

Action                   |  1- 3 |  4- 6 |  7- 9 | 10-12 || total
-------------------------+-------+-------+-------+-------++-------
Melee: Dagger            |    50 |    28 |    82 |       ||   160
       Club              |     7 |       |       |       ||     7
       Bite              |     6 |     4 |    31 |     4 ||    45
       Flail             |       |       |   127 |       ||   127
       Trident           |       |       |    27 |    80 ||   107
 Cast: Shock             |    51 |    86 |    40 |     6 ||   183
       Static Discharge  |       |     1 |    50 |    28 ||    79
  Use: Scroll            |       |       |    13 |       ||    13
 Stab: Sleeping          |     2 |       |     4 |     1 ||     7
  Eat: Chunk             |     1 |     5 |    15 |     6 ||    27
Armor: Leather armour    |     8 |    13 |    13 |       ||    34
       Robe              |     3 |       |    68 |    34 ||   105
Dodge: Dodged            |    41 |    42 |   220 |    84 ||   387
Block: Buckler           |       |     4 |    80 |    42 ||   126
